Map: Acropolis LE

Players

Mediceye - Winner!

  • Race: Terran Terran
  • League: Diamond
  • Spawn Location: 11:00

A.I. 1 (Very Easy)

  • Race: Terran Terran
  • Spawn Location: 5:00

VOD

Have the link to the VOD?

Description

Test upload

Time

  • Played on: June 16, 2019, 10:24 a.m.
  • Length: 5:50
Show
View Real Time Build Order
Export as new Build Order

Mediceye Terran - Winner!

Build Orders:  

Get SALT Encoding   

  12  0:01  SCV  
  13  0:14  Supply Depot  
  13  0:19  SCV  
  14  0:26  Refinery  
  14  0:31  SCV  
  15  0:43  Barracks  
  15  0:46  SCV  
  16  0:58  SCV  
  17  1:04  Barracks  
  17  1:32  Factory  
  17  1:38  Barracks Tech Lab  
  17  1:39  Orbital Command  
  17  1:45  Refinery  
  17  1:51  Marine  
  18  2:01  Marine  
  19  2:09  SCV  
  19  2:14  Marine  
  21  2:16  Barracks  
  21  2:19  Marine  
  21  2:21  SCV  
  23  2:28  Stimpack  
  23  2:39  Starport  
  23  2:41  Factory Reactor  
  23  2:56  Supply Depot  
  23  3:13  Marine x3  
  26  3:26  Medivac x2  
  30  3:31  Marine x3  
  30  3:33  SCV  
  34  3:42  Supply Depot  
  34  3:47  SCV  
  35  3:54  Marine x2  
  37  3:58  Marine  
  38  4:12  Marine x2  
  38  4:16  Marine  
  41  4:18  Supply Depot  
  41  4:41  Barracks Reactor x2  
  41  4:43  Factory Tech Lab  
  41  4:55  Supply Depot  
  41  4:56  SCV  
  42  5:01  Siege Tank  
  45  5:07  Marine  
  45  5:11  SCV  
  51  5:17  Viking  
Show
View Real Time Build Order
Export as new Build Order

A.I. 1 (Very Easy) Terran 

Build Orders:  

Get SALT Encoding   

  12  0:00  SCV  
  13  0:13  SCV  
  14  0:17  Supply Depot  
  14  0:37  Refinery  
  14  0:43  Barracks  
  14  1:04  Supply Depot  
  14  1:12  Refinery  
  14  1:30  Marine, Orbital Command  
  15  1:49  Barracks Tech Lab  
  15  1:55  SCV  
  16  2:08  SCV  
  17  2:16  Marine  
  17  2:20  SCV  
  19  2:32  SCV  
  21  2:44  SCV  
  21  2:56  SCV  
  22  3:03  Marauder  
  24  5:27  SCV  
  23  5:28  Marine  
  23  5:33  Supply Depot  
Tags
 
League
Diamond
Matchup
TvT
Race
Terran
Spawn Locations
Cross Positions
Add a new tag
Caveats
  • Supply blocks, unpowered buildings, or Contaminate may cause inaccurate times.
  • Supply counts are checked every 10 seconds.